 Dungeon Crawl Stone Soup version 0.29-a0-878-g7b45a56547 (webtiles) character file.

Game seed: 15551362223076834628

10875 buhh the Severer (level 12, -6/106 HPs)
             Began as a Meteoran Fighter on July 20, 2022.
             Was a High Priest of Okawaru.
             Mangled by a ten-headed hydra (11 damage)
             ... on level 2 of the Lair of Beasts.
             The game lasted 00:23:54 (4817 turns).

buhh the Severer (Meteoran Fighter)                 Turns: 4817, Time: 00:23:54

Health: -6/106     AC: 14    Str: 25    XL:     12   Next: 26%
Magic:  16/16      EV: 16    Int:  9    God:    Okawaru [*****.]
Gold:   336        SH:  0    Dex: 13    Spells: 10/11 levels left

rFire   . . .      SeeInvis +   H - +2 executioner's axe (venom)
rCold   . . .      Faith    .   (shield currently unavailable)
rNeg    . . .      Spirit   .   b - +1 scale mail
rPois   .          Reflect  .   (no helmet)
rElec   .          Harm     .   w - scarf {repulsion}
rCorr   .          Rampage  .   z - +2 pair of gloves
Will    +....                   (no boots)
Stlth   +.........              s - amulet of magic regeneration
HPRegen 0.27/turn               k - ring of see invisible
MPRegen 0.55/turn               o - +4 ring of evasion

@: heroic, glowing, repel missiles
A: sense surroundings 2, otherworldly, glowing, explore regen
a: Renounce Religion, Heroism, Finesse, Duel


You were on level 2 of the Lair of Beasts.
You worshipped Okawaru.
Okawaru was extremely pleased with you.
You visited 3 branches of the dungeon, and saw 14 of its levels.

You collected 718 gold pieces.
You spent 382 gold pieces at shops.

Inventory:

Hand Weapons
 a - a +1 vorpal battleaxe
 m - a +1 war axe
 H - a +2 executioner's axe of venom (weapon)
Missiles
 x - 6 curare-tipped darts
 C - a throwing net (quivered)
 M - 27 poisoned darts
Armour
 b - a +1 scale mail (worn)
 i - a +0 chain mail
 w - a scarf of repulsion (worn)
 z - a +2 pair of gloves (worn)
 B - a +1 buckler
Magical Staves
 t - a staff of poison
Jewellery
 k - a ring of see invisible (left hand)
 n - a ring of flight
 o - a +4 ring of evasion (right hand)
 r - a ring of resist corrosion
 s - an amulet of magic regeneration (around neck)
Wands
 A - a wand of digging (3)
 E - a wand of flame (11)
 J - a wand of roots (8)
Scrolls
 c - 5 scrolls of teleportation {!d!d}
 d - 6 scrolls of magic mapping {!d}
 e - a scroll of poison
 g - a scroll of amnesia
 h - 2 scrolls of enchant armour
 l - a scroll of immolation {!r}
 D - a scroll of blinking {unknown}
 K - 2 scrolls of silence {!r}
Potions
 f - 2 potions of degeneration
 p - a potion of invisibility {!d}
 q - a potion of magic {!d}
 u - a potion of ambrosia {!d}
 v - 8 potions of curing {!d}
 y - 2 potions of haste {!q}
 F - 2 potions of brilliance {unknown}
 G - a potion of lignification {unknown}
 I - a potion of attraction {unknown}
 Z - 3 potions of flight


   Skills:
 - Level 10.0(15.0) Fighting
 * Level 16.9(21.9) Axes
 + Level 7.6(12.6) Armour
 - Level 4.0(9.0) Shields
 - Level 1.0 Translocations
 - Level 5.0 Invocations


You had 10 spell levels left.
You knew the following spells:

 Your Spells              Type           Power      Damage    Failure   Level
a - Apportation           Tloc           2%         N/A       45%         1

Your spell library contained the following spells:

 Spells                   Type           Power      Damage    Failure   Level
 Shock                    Conj/Air       0%         1d3       61%         1
 Ensorcelled Hibernation  Hex/Ice        0%         N/A       75%         2
 Inner Flame              Hex/Fire       0%         N/A       93%         3
 Spider Form              Tmut/Pois      0%         N/A       93%         3
 Swiftness                Air            0%         N/A       93%         3
 Airstrike                Air            0%         0-1+      100%        4
 Anguish                  Hex/Necr       0%         N/A       100%        4
 Cause Fear               Hex            0%         N/A       100%        4
 Alistair's Intoxication  Tmut/Pois      0%         N/A       100%        5
 Discord                  Hex            0%         N/A       100%        8


Dungeon Overview and Level Annotations

Branches:
Dungeon (10/15) Zot: 1663  Temple (1/1) D:4 Zot: 571    Lair (3/5) D:8 Zot: 1238
  Snake (0/4) Lair:3
  Swamp: Lair:2-3    Shoals: Lair:2-3       Orc: D:9-12

Altars:
Ashenzari
Cheibriados
Dithmenos
Fedhas
Gozag
Hepliaklqana
Kikubaaqudgha
Nemelex Xobeh
Okawaru
Qazlal
Ru
Sif Muna
Trog
Vehumet
Wu Jian
Xom
Yredelemnul
Zin
The Shining One

Shops:
D:9 ?


Innate Abilities, Weirdness & Mutations

You passively map the area around you.
You are easily found by Zot.
You glow in the dark.
You regain HP and MP as you explore.


Message History

The eight-headed hydra misses you.
The eight-headed hydra bites you but does no damage.
The eight-headed hydra bites you. x2
You completely miss the eight-headed hydra.
The eight-headed hydra is lightly wounded.
The eight-headed hydra completely misses you.
The eight-headed hydra misses you. x2
The eight-headed hydra bites you but does no damage.
The eight-headed hydra bites you.
The eight-headed hydra bites you but does no damage.
The eight-headed hydra closely misses you.
The eight-headed hydra bites you but does no damage.
You chop one of the eight-headed hydra's heads off!
The seven-headed hydra grows two more!
You slice the nine-headed hydra!!
The nine-headed hydra is heavily wounded.
You chop one of the nine-headed hydra's heads off!
The eight-headed hydra grows two more!
You slice the ten-headed hydra!!
The ten-headed hydra looks as sick as possible!
The ten-headed hydra is heavily wounded.
The ten-headed hydra bites you. The ten-headed hydra barely misses you.
The ten-headed hydra misses you.
The ten-headed hydra bites you but does no damage.
The ten-headed hydra barely misses you. The ten-headed hydra bites you.
The ten-headed hydra bites you but does no damage.
The ten-headed hydra misses you. The ten-headed hydra bites you!
The ten-headed hydra bites you but does no damage.
You hit the ten-headed hydra.
The ten-headed hydra is heavily wounded.
The ten-headed hydra bites you but does no damage.
The ten-headed hydra misses you. The ten-headed hydra bites you!
* * * LOW HITPOINT WARNING * * *
The ten-headed hydra barely misses you. The ten-headed hydra bites you!
* * * LOW HITPOINT WARNING * * *
The ten-headed hydra bites you but does no damage.
The ten-headed hydra bites you.
* * * LOW HITPOINT WARNING * * *
The ten-headed hydra bites you!
* * * LOW HITPOINT WARNING * * *
The ten-headed hydra bites you!
You die...

......
*.^.P##.#...#.........#.
...., .....
................# .... ,
,.....#.###.#.....#.....
.... , , ..#...
#.#.......... ....,
....P.####...#.###.##.*
≈... , ≈
≈,.....##.....## .# P≈P≈
≈≈ ,#..#.....## ,# P≈≈≈
≈ , #.D..P##.# *,
≈≈≈≈≈≈≈ ≈ ,##@.###### ,
≈≈≈≈ ≈ ,* ,#### ,* ≈ ≈ ≈
≈,, * ≈ ≈≈ ≈ * * ≈ ≈≈ ≈
≈ * ≈ , * ≈ ≈ , * * ≈ ≈
* *


You could see a ten-headed hydra (extremely poisoned).

Vanquished Creatures
  A hydra (Lair:2)
  Joseph (D:8)
  A black mamba (Lair:3)
  A torpor snail (Lair:3)
  2 cane toads (Lair:2)
  3 komodo dragons
  2 polar bears (Lair:2)
  A troll (D:8)
  2 hornets
  Prince Ribbit (D:7)
  Sigmund (D:3)
  3 wyverns
  18 yaks
  9 water moccasins
  Duvessa (D:5)
  3 black bears
  An orc warrior (D:5)
  A sky beast (D:6)
  2 ice beasts
  2 ogres (D:4)
  A centaur (D:9)
  3 bullfrogs
  2 kobold brigands
  A necrophage (D:8)
  3 scorpions
  Dowan (D:5)
  6 killer bees (D:9)
  An electric eel (D:8)
  A jelly (D:6)
  3 orc priests
  2 gnoll boudas
  5 iguanas
  7 orc wizards
  12 adders
  7 gnolls
  3 white imps
  A worm (D:2)
  3 dart slugs
  23 orcs
  5 ball pythons
  4 bats
  5 endoplasms
  A giant cockroach (D:3)
  3 goblins
  2 hobgoblins
  2 jackals (D:1)
  2 quokkas
  6 frilled lizards
  23 kobolds
  3 rats
197 creatures vanquished.

Vanquished Creatures (others)
  3 fungi
  14 plants
17 creatures vanquished.

Grand Total: 214 creatures vanquished

Notes
Turn   | Place    | Note
-------+----------+-------------------------------------------
     0 | D:1      | buhh the Meteoran Fighter began the quest for the Orb.
     0 | D:1      | Reached XP level 1. HP: 19/19 MP: 2/2
    40 | D:1      | Reached XP level 2. HP: 17/26 MP: 3/3
   177 | D:1      | Learned a level 1 spell: Apportation
   312 | D:1      | Reached XP level 3. HP: 31/31 MP: 4/4
   556 | D:2      | Reached skill level 3 in Axes
   573 | D:2      | Reached skill level 1 in Translocations
   607 | D:2      | Reached XP level 4. HP: 30/40 MP: 5/5
   800 | D:3      | Found a faded altar of an unknown god.
   893 | D:3      | Noticed Sigmund
   902 | D:3      | Killed Sigmund
   903 | D:3      | Reached skill level 5 in Fighting
   903 | D:3      | Reached skill level 5 in Axes
   903 | D:3      | Reached XP level 5. HP: 45/48 MP: 6/6
   903 | D:3      | Reached XP level 6. HP: 52/56 MP: 7/7
   920 | D:3      | Found Zin's Purification Station.
   926 | D:3      | Found a glowing silver altar of Zin.
   929 | D:3      | Bought a potion of curing for 90 gold pieces
  1144 | D:3      | Found an opulent altar of Gozag.
  1144 | D:3      | Found a snail-covered altar of Cheibriados.
  1282 | D:3      | Reached XP level 7. HP: 48/62 MP: 8/8
  1396 | D:4      | Reached skill level 6 in Axes
  1444 | D:4      | Identified a scroll of acquirement
  1444 | D:4      | Acquired a +1 executioner's axe of venom
  1557 | D:4      | Found a staircase to the Ecumenical Temple.
  1563 | Temple   | Entered the Ecumenical Temple
  1581 | Temple   | Became a worshipper of Warmaster Okawaru
  1648 | D:4      | Reached XP level 8. HP: 71/71 MP: 9/9
  1678 | D:4      | Reached skill level 7 in Axes
  1816 | D:5      | Entered Level 5 of the Dungeon
  1856 | D:5      | You fall into a shaft and drop 2 floors!
  1871 | D:6      | Noticed a yak
  1911 | D:6      | Killed a yak
  1911 | D:6      | Reached * piety under Okawaru
  1912 | D:6      | Reached skill level 8 in Axes
  1977 | D:5      | Gained mutation: You passively map the area around you.
                  | [Meteoran growth]
  1977 | D:5      | Reached XP level 9. HP: 80/81 MP: 10/10
  2034 | D:5      | Noticed Dowan
  2035 | D:5      | Noticed Duvessa
  2044 | D:5      | Killed Duvessa
  2046 | D:5      | Killed Dowan
  2078 | D:5      | Reached skill level 9 in Axes
  2083 | D:5      | Reached ** piety under Okawaru
  2298 | D:6      | Reached skill level 10 in Axes
  2442 | D:6      | Reached *** piety under Okawaru
  2443 | D:6      | Reached skill level 1 in Invocations
  2744 | D:6      | Reached XP level 10. HP: 93/93 MP: 11/13
  2840 | D:7      | Noticed Prince Ribbit
  2858 | D:7      | Killed Prince Ribbit
  2859 | D:7      | Reached skill level 10 in Fighting
  2918 | D:7      | Reached skill level 5 in Invocations
  3218 | D:8      | Reached skill level 11 in Axes
  3299 | D:10     | Entered Level 10 of the Dungeon
  3299 | D:10     | Noticed an unseen horror
  3537 | D:8      | Reached **** piety under Okawaru
  3538 | D:8      | Reached skill level 12 in Axes
  3593 | D:8      | Noticed Joseph
  3606 | D:8      | Killed Joseph
  3663 | D:8      | Reached skill level 13 in Axes
  3921 | D:9      | Reached XP level 11. HP: 91/99 MP: 15/15
  3931 | D:9      | Reached skill level 14 in Axes
  3967 | D:9      | Reached ***** piety under Okawaru
  4022 | D:9      | Found Wajamin's Magic Scroll Shoppe.
  4033 | D:9      | Bought a scroll of magic mapping for 97 gold pieces
  4033 | D:9      | Bought a scroll of identify for 26 gold pieces
  4033 | D:9      | Bought a scroll of identify for 26 gold pieces
  4033 | D:9      | Bought a scroll of identify for 26 gold pieces
  4033 | D:9      | Bought a scroll of teleportation for 39 gold pieces
  4033 | D:9      | Bought a scroll of identify for 26 gold pieces
  4033 | D:9      | Bought a scroll of fear for 52 gold pieces
  4070 | D:9      | Found a stormy altar of Qazlal.
  4210 | D:8      | Found a staircase to the Lair.
  4231 | Lair:1   | Entered Level 1 of the Lair of Beasts
  4316 | Lair:2   | Noticed a five-headed hydra
  4358 | Lair:2   | Reached skill level 15 in Axes
  4413 | Lair:2   | Reached skill level 5 in Armour
  4418 | Lair:2   | Received a gift from Okawaru
  4457 | Lair:2   | Killed a nine-headed hydra
  4549 | Lair:2   | Reached skill level 16 in Axes
  4683 | Lair:3   | Reached XP level 12. HP: 106/106 MP: 10/16
  4716 | Lair:3   | Found a staircase to the Snake Pit.
  4787 | Lair:3   | Noticed a seven-headed hydra
  4807 | Lair:2   | Noticed a seven-headed hydra
  4817 | Lair:2   | HP: 5/106 [ten-headed hydra (11)]
  4817 | Lair:2   | Mangled by a ten-headed hydra

Illustrated notes

Levels and vault maps discovered:
D:1:      minmay_arrival_four_loops, layout_basic, serial_glass,
          glass_columns_a, glass_columns_a, glass_columns_a, glass_columns_a
D:2:      layout_basic, chequers_arboretum
D:3:      layout_loops_ring, zin_purify, mainiacjoe_overflow_divided_tiny,
          chequers_ecumenical_altar_simple_redux, uniq_sigmund
D:4:      layout_gridville, minmay_temple_entry_hall, nrook_loot_triangle
D:5:      layout_cave_pools, uniq_duvessa
D:6:      layout_loops_cross, minmay_misc_feat_roman, grunt_ministairs_7
D:7:      layout_basic, uniq_prince_ribbit1
D:8:      layout_basic, david_lair_shrubbed, uniq_joseph
D:9:      layout_irregular_city, nicolae_qazlal_eye_of_the_storm, serial_shops,
          nicolae_shop_window_shopping, nicolae_sextant
D:10:     layout_rooms
Temple:   nicolae_temple_two_arcs
Lair:1:   minmay_guarded_unrand_snakebite, layout_gridlike,
          portal_ice_cave_demonic_guard, lemuel_fruit_tree, grunt_megastairs_4
Lair:2:   layout_misc_corridors, serial_bayou_shore_a, lemuel_fruit_fields
Lair:3:   layout_big_grid, minmay_shoals_entry_hut,
          minmay_snake_entry_six_corridors, dreamdust_deal_with_the_devil,
          serial_bayou_pond_c

Skill      XL: |  1  2  3  4  5  6  7  8  9 10 11 12 |
---------------+-------------------------------------+-----
Armour         | 4 6 7 |  7.6
Axes           | 3 5 6 8 10 13 16 | 16.9
Shields        | 4 |  4.0
Translocations | 1 |  1.0
Fighting       | 5 6 8 9 10 | 10.0
Invocations    | 2 5 |  5.0

Action                   |  1- 3 |  4- 6 |  7- 9 | 10-12 || total
-------------------------+-------+-------+-------+-------++-------
Melee: War axe           |    81 |    82 |     9 |       ||   172
       Executioner's axe |       |       |   112 |   258 ||   370
Invok: Heroism           |       |       |       |     9 ||     9
       Finesse           |       |       |       |     2 ||     2
Evoke: Wand              |       |     2 |     5 |       ||     7
  Use: Potion            |       |     1 |     3 |     4 ||     8
       Scroll            |       |       |    10 |    12 ||    22
Armor: Scale mail        |    66 |    38 |    58 |   121 ||   283
Dodge: Dodged            |    36 |    38 |    88 |   175 ||   337
       Repelled          |       |       |       |     1 ||     1
Block: Buckler           |    20 |    19 |     1 |       ||    40

Table legend: (Time is in decaauts)
 A = Elapsed time spent in this place.
 B = Non-inter-level travel time spent in this place.
 C = Inter-level travel time spent in this place.
 D = Time resting spent in this place.
 E = Time spent auto-exploring this place.
 F = Levels seen in this place.
 G = Mean time per level.
                   A        B        C        D        E       F      G
               +--------+--------+--------+--------+--------+-----+--------+
         Total |   4926 |   4674 |    252 |      0 |    163 |  14 |  351.9 |
       Dungeon |   4336 |   4084 |    252 |      0 |    163 |  10 |  433.6 |
        Temple |     28 |     28 |      0 |      0 |      0 |   1 |   28.0 |
          Lair |    561 |    561 |      0 |      0 |      0 |   3 |  187.0 |
               +--------+--------+--------+--------+--------+-----+--------+

Top non-repeatable levels by time:
     D:8: 627 daAuts
     D:3: 567 daAuts
     D:6: 565 daAuts
     D:7: 504 daAuts
     D:4: 486 daAuts
     D:1: 477 daAuts
  Lair:2: 387 daAuts
     D:9: 385 daAuts
     D:5: 378 daAuts
     D:2: 333 daAuts
  Lair:1: 109 daAuts
  Lair:3: 64 daAuts
  Temple: 28 daAuts
    D:10: 10 daAuts
